 Dungeon Crawl Stone Soup version 0.16.1-18-g436b03c (webtiles) character file.

966 tailblues the Magician (level 8, -2/54 HPs)
             Began as a Human Wizard on Mar 27, 2015.
             Slain by a two-headed ogre
             ... wielding a +0 giant club
              (16 damage)
             ... on level 6 of the Dungeon on Apr 24, 2015.
             The game lasted 00:30:30 (6688 turns).

tailblues the Magician (Human Wizard)               Turns: 6688, Time: 00:30:30

Health: -2/54      AC:  6    Str: 10    XL:     8   Next: 38%
Magic:  5/20       EV: 13    Int: 18    God:
Gold:   122        SH:  0    Dex: 12    Spells: 6 memorised, 5 levels left

rFire  + . .     SeeInvis .     a - staff of energy
rCold  + . .     Clarity  .     w - +2 leather armour
rNeg   . . .     SustAb   .     (no shield)
rPois  +         Gourm    .     f - +1 hat
rElec  +         Spirit   .     (no cloak)
rCorr  +         Warding  .     (no gloves)
rMut   .         Stasis   .     (no boots)
MR     .....                    (no amulet)
Stlth  ++........               (no ring)
                                (no ring)

@: resistant (expiring), not resistant to hostile enchantments, unstealthy
A: no striking features
a: no special abilities


You were on level 6 of the Dungeon.
You were not hungry.

You visited 1 branch of the dungeon, and saw 6 of its levels.

You collected 122 gold pieces.

Inventory:

Hand weapons
 b - a +3 dagger of venom
 g - a +0 short sword
 u - a +4 shortbow
 v - a +0 dagger
 y - a +2 whip of holy wrath
Missiles
 r - 2 javelins of returning (quivered)
 A - 5 arrows
Armour
 f - a +1 hat (worn)
 m - a +0 robe
 p - a +0 robe
 w - a +2 leather armour (worn)
Magical staves
 a - an uncursed staff of energy (weapon)
Scrolls
 h - a scroll of fog
 l - a scroll of random uselessness
 o - a scroll of blinking
 z - a scroll of remove curse
 B - a scroll of recharging
Potions
 e - a potion of resistance
 k - a potion of flight
 s - a potion of agility
 t - a potion of berserk rage
 x - a potion of might
Books
 c - a book of Minor Magic

   Spells                             Type                      Level
   a - Magic Dart                     Conjuration                  1
   b - Blink                          Translocation                2
   c - Call Imp                       Summoning                    2
   d - Repel Missiles                 Charms/Air                   2
   e - Slow                           Hexes                        2
   f - Conjure Flame                  Conjuration/Fire             3
   g - Mephitic Cloud                 Conjuration/Poison/Air       3
Comestibles
 d - 2 bread rations
 i - 4 meat rations
 j - a slice of pizza
 q - a chunk of flesh


   Skills:
 + Level 1.4 Fighting
 + Level 0.4 Short Blades
 + Level 1.0 Staves
 + Level 1.3 Armour
 + Level 4.1 Dodging
 + Level 3.3 Stealth
 + Level 5.6 Spellcasting
 + Level 2.5 Conjurations
 + Level 3.3 Summonings
 + Level 1.2 Translocations
 + Level 1.2 Fire Magic
 + Level 1.1 Air Magic
 + Level 1.2 Poison Magic
 + Level 0.4 Evocations


You had 5 spell levels left.
You knew the following spells:

 Your Spells              Type           Power        Failure   Level  Hunger
a - Magic Dart            Conj           ##..         10%         1    None
b - Call Imp              Summ           ###.....     10%         2    None
c - Conjure Flame         Conj/Fire      ##......     24%         3    None
d - Mephitic Cloud        Conj/Pois/Air  ##......     24%         3    None
B - Blink                 Tloc           N/A          17%         2    None
R - Repel Missiles        Chrm/Air       #.....       24%         2    None


Dungeon Overview and Level Annotations

Branches:
Dungeon (6/15)
 Temple: D:4-7

Altars:
Kikubaaqudgha
Qazlal

Shops:
D:4 }

Annotations:
D:3 Shoikan's ghost, average MiBe
D:6 pharnakes' ghost, experienced FoFi


Message History

Your crimson imp disappears in a puff of smoke!
Pharnakes' ghost hits your white imp!
Your white imp dies!
Your crimson imp closely misses the scorpion.
Your white imp hits pharnakes' ghost.
Your white imp freezes pharnakes' ghost.
Found a scroll labeled SCHI MOTEZIT.
Your crimson imp hits the crimson imp but does no damage.
A two-headed ogre comes into view.
It is wielding a giant club and a giant spiked club.
You start to feel less resistant.
The two-headed ogre shouts in stereo!
A sky beast comes into view.
The crimson imp blinks!
The two-headed ogre barely misses you. x2
The crimson imp closely misses you.
Found a stone staircase leading down.
There is an escape hatch in the ceiling here.
Pharnakes' ghost lets out a mournful wail.
The two-headed ogre hits you with a giant club!
You die...

#....s.###### #.
#......## ##
#..#######.......####.
#................a..#..
...............###.O.s.
#.....###....## ###..#
#.....####...# #...
#....O5#5..5.## #...
#....@s..W....# #..#
#.....?..........## #..#
#.......###......####..#
#.......# ##...##..#...#
#......Y# #...###....##
>##....# #..## ##...##
##.... ....# ##..#.
..... ...## ##... ...
...#######...


You could see a two-headed ogre, a sky beast, a scorpion, pharnakes' ghost, a
crimson imp, a friendly crimson imp and a friendly white imp.

Vanquished Creatures
  A two-headed ogre (D:6)
  An ogre (D:4)
  2 giant frogs (D:6)
  An orc priest (D:4)
  A hound (D:5)
  3 orc wizards
  A worker ant (D:4)
  A killer bee zombie (D:6)
  3 adders (D:4)
  An adder zombie (D:6)
  An adder skeleton (D:5)
  5 giant geckos
  An ooze (D:6)
  7 orcs
  A ball python (D:2)
  14 bats
  A giant cockroach (D:4)
  9 goblins
  5 hobgoblins
  A jackal (D:1)
  10 kobolds
  5 quokkas
  5 giant newts
  7 rats
87 creatures vanquished.

Vanquished Creatures (collateral kills)
  A sky beast (D:6)
  A centaur (D:6)
  A giant frog (D:6)
  A crimson imp (D:6)
  A giant frog zombie (D:6)
  A worker ant (D:4)
  5 adders
  A shadow imp (D:6)
  A giant mite (D:1)
  2 worms
  An ooze (D:2)
  3 orcs (D:5)
  A bat (D:2)
  2 giant cockroaches
  2 hobgoblins
  17 jackals
  3 kobolds
  3 goblins
  A jackal zombie (D:6)
  A rat (D:6)
49 creatures vanquished.

Vanquished Creatures (others)
  10 crimson imps (D:6)
  A shadow imp (D:6)
  4 white imps
15 creatures vanquished.

Grand Total: 151 creatures vanquished

Notes
Turn   | Place    | Note
--------------------------------------------------------------
     0 | D:1      | tailblues, the Human Wizard, began the quest for the Orb.
     0 | D:1      | Reached XP level 1. HP: 13/13 MP: 4/4
    38 | D:1      | Upgraded the game from 0.16.1-4-g8e1b745 to 0.16.1-18-g436b03c
   319 | D:1      | Reached XP level 2. HP: 19/19 MP: 6/6
   323 | D:1      | Learned a level 2 spell: Call Imp
   326 | D:1      | Learned a level 2 spell: Blink
  1075 | D:1      | Reached XP level 3. HP: 18/24 MP: 2/8
  1298 | D:2      | Learned a level 3 spell: Conjure Flame
  1500 | D:2      | Reached XP level 4. HP: 27/30 MP: 8/10
  2469 | D:3      | Noticed Shoikan's ghost (average MiBe)
  2530 | D:4      | Reached skill level 4 in Spellcasting
  2581 | D:4      | Reached XP level 5. HP: 22/36 MP: 1/13
  2586 | D:4      | Learned a level 3 spell: Mephitic Cloud
  2704 | D:4      | Found Waegah's Gadget Shop.
  3015 | D:4      | Noticed an ogre
  3025 | D:4      | Killed an ogre
  3025 | D:4      | Reached XP level 6. HP: 42/42 MP: 4/15
  3193 | D:4      | Reached skill level 1 in Fighting
  3517 | D:5      | Entered Level 5 of the Dungeon
  3758 | D:5      | Reached XP level 7. HP: 8/48 MP: 7/18
  4455 | D:5      | Found a staircase to the Ecumenical Temple.
  4580 | D:5      | Found an ancient bone altar of Kikubaaqudgha.
  4892 | D:6      | Found a stormy altar of Qazlal.
  4895 | D:6      | Noticed a fire elemental
  4896 | D:6      | Noticed an air elemental
  4896 | D:6      | Noticed a water elemental
  4993 | D:6      | Noticed a two-headed ogre
  5003 | D:6      | Killed a two-headed ogre
  5003 | D:6      | Reached skill level 5 in Spellcasting
  5003 | D:6      | Reached skill level 1 in Poison Magic
  5024 | D:6      | Reached skill level 1 in Staves
  5131 | D:6      | Learned a level 2 spell: Repel Missiles
  5157 | D:6      | Reached XP level 8. HP: 48/54 MP: 11/20
  5363 | D:6      | Noticed pharnakes' ghost (experienced FoFi)
  6118 | D:6      | Reached skill level 1 in Fire Magic
  6236 | D:6      | Reached skill level 1 in Armour
  6390 | D:6      | Reached skill level 1 in Air Magic
  6684 | D:6      | Noticed a two-headed ogre
  6688 | D:6      | Slain by a two-headed ogre

Action                   |  1- 3 |  4- 6 |  7- 9 || total
-------------------------+-------+-------+-------++-------
Melee: Unarmed           |     6 |       |       ||     6
       Dagger            |    48 |       |    19 ||    67
       Staff             |       |   119 |    88 ||   207
 Cast: Magic Dart        |    28 |    41 |    14 ||    83
       Call Imp          |    17 |    24 |    55 ||    96
       Blink             |     1 |     7 |     7 ||    15
       Conjure Flame     |       |     8 |    12 ||    20
       Mephitic Cloud    |       |     6 |     8 ||    14
       Repel Missiles    |       |       |     1 ||     1
Evoke: Staff of energy   |       |     7 |     5 ||    12
  Use: Scroll            |     3 |     7 |     8 ||    18
       Potion            |     1 |     4 |     2 ||     7
 Stab: Sleeping          |     2 |     1 |     1 ||     4
       Distracted        |       |     2 |       ||     2
       Confused          |       |     1 |     4 ||     5
  Eat: Chunk             |     2 |     4 |     1 ||     7
       Bread ration      |       |     1 |     2 ||     3
